 Dungeon Crawl Stone Soup version 0.27.1 (webtiles) character file.

Game seed: 3145850657921798677

891 hawla the Thaumaturge (level 7, -2/38 HPs)
             Began as a Deep Elf Necromancer on Sept 3, 2021.
             Slain by Grinder (6 damage)
             ... on level 5 of the Dungeon.
             The game lasted 00:23:55 (8555 turns).

hawla the Thaumaturge (Deep Elf Necromancer)        Turns: 8555, Time: 00:23:55

Health: -2/38      AC:  3    Str: 11    XL:     7   Next: 77%
Magic:  20/20      EV: 13    Int: 22    God:
Gold:   5          SH:  0    Dex: 15    Spells: 5/22 levels left

rFire    . . .     SeeInvis +   e - +1 dagger (drain)
rCold    . . .     Faith    .   (no shield)
rNeg     + . .     Spirit   .   t - +0 robe {rN+}
rPois    .         Reflect  .   (no helmet)
rElec    .         Harm     .   (no cloak)
rCorr    .         Rampage  .   (no gloves)
Will     .....                  o - +0 pair of boots
Stlth    +++.......             (no amulet)
HPRegen  0.12/turn              q - ring of see invisible
MPRegen  0.17/turn              k - +6 ring of strength

@: mighty, attractive, flying
A: no striking features
a: no special abilities


You were on level 5 of the Dungeon.
You visited 1 branch of the dungeon, and saw 5 of its levels.

You collected 291 gold pieces.
You spent 286 gold pieces at shops.

Inventory:

Hand Weapons
 e - a +1 dagger of draining (weapon)
Missiles
 f - 7 javelins
 s - 11 poisoned darts (quivered)
Armour
 o - a +0 pair of boots (worn)
 t - a +0 robe of positive energy (worn)
Magical Staves
 h - a staff of cold
Jewellery
 a - a ring of ice
 k - a +6 ring of strength (right hand)
 q - a ring of see invisible (left hand)
Scrolls
 m - 3 scrolls of identify
 p - a scroll of noise
Potions
 j - a potion of brilliance
 l - a potion of attraction


   Skills:
 - Level 1.0 Fighting
 + Level 1.1(1.4) Short Blades
 + Level 1.0(1.3) Long Blades
 + Level 0.5 Throwing
 + Level 3.1 Dodging
 - Level 4.0 Stealth
 + Level 8.0 Spellcasting
 + Level 8.0 Necromancy
 - Level 1.0 Evocations


You had 5 spell levels left.
You knew the following spells:

 Your Spells              Type           Power      Damage    Failure   Level
a - Pain                  Necr           100%       1d9       1%          1
b - Vampiric Draining     Necr           22%        2d9       1%          3
c - Animate Dead          Necr           22%        N/A       2%          4
d - Agony                 Necr           44%        N/A       8%          5
e - Dispel Undead         Necr           44%        3d17      2%          4

Your spell library contained the following spells:

 Spells                   Type           Power      Damage    Failure   Level
 Animate Skeleton         Necr           88%        N/A       1%          1
 Shock                    Conj/Air       32%        1d5       8%          1
 Blink                    Tloc           N/A        N/A       11%         2
 Static Discharge         Conj/Air       8%         N/A       11%         2
 Swiftness                Air            8%         N/A       22%         3
 Airstrike                Air            4%         N/A       58%         4
 Sticky Flame             Conj/Fire      8%         2d3       58%         4
 Manifold Assault         Tloc           8%         N/A       90%         5
 Storm Form               Tmut/Air       4%         N/A       100%        7


Dungeon Overview and Level Annotations

Branches:
Dungeon (5/15)
 Temple: D:4-7

Altars:

Shops:
D:1 *:*

Annotations:
D:5 Grinder


Message History

Grinder gestures at you.
You suddenly lose the ability to move!
Grinder hits you but does no damage. Grinder hits you.
You writhe in agony.
Grinder hits you.
You writhe in agony.
Grinder hits you but does no damage.
You can move again.
You feel better. Grinder hits you.
You feel very mighty all of a sudden. Grinder barely misses you.
You barely miss Grinder.
Grinder is lightly wounded.
Grinder hits you!
You writhe in agony.
Unknown command.
You feel better. Grinder gestures at you. You resist with some effort.
It was a potion of attraction.
You feel attractive to monsters. Grinder closely misses you.
It was a potion of flight.
You feel very buoyant.
You fly up into the air.
Grinder blinks!
Grinder is pulled toward you!
You hit Grinder.
Grinder is moderately wounded.
Grinder hits you.
You writhe in agony.
You are too injured to fight recklessly!
You are too injured to fight recklessly!
You closely miss Grinder.
Grinder is moderately wounded.
Grinder hits you!
* * * LOW HITPOINT WARNING * * *
You writhe in agony.
* * * LOW HITPOINT WARNING * * *
As you read the scroll of brand weapon, it crumbles to dust.
Your +1 vampiric dagger craves living souls!
e - a +1 dagger of draining (weapon)
Grinder hits you.
You die...

########## #..Z<....#
#.######.# #.###
#.######### ###
#.#.####.....5...#
..###...........@#**,*
..........##.###.##*,*
#.###....###.##...#*,*
#.#
#.#.####....#....#**
#.#
#...........#......#
#.#
###.#####.#####..#.#
#.# ##'## #..,*,,....#
..# ##...##
###.*,*##.##
.####.....## *..,* *.#


You could see Grinder.

Vanquished Creatures
  Edmund (D:5)
  A sky beast (D:5)
  A black bear (D:5)
  An ogre (D:3)
  Blork the orc (D:5)
  3 hounds (D:4)
  2 orc priests (D:3)
  2 iguanas (D:4)
  Terence (D:2)
  An orc wizard (D:3)
  2 gnolls
  5 adders
  A shadow imp (D:5)
  2 adder skeletons (D:4)
  12 dart slugs
  3 orcs
  8 bats
  7 endoplasms
  4 giant cockroaches
  10 goblins
  13 hobgoblins
  3 quokkas
  7 ball pythons
  5 frilled lizards (D:1)
  A jackal skeleton (D:4)
  5 kobolds
  6 rats
108 creatures vanquished.

Vanquished Creatures (collateral kills)
  A goblin (D:3)
1 creature vanquished.

Grand Total: 109 creatures vanquished

Notes
Turn   | Place    | Note
-------+----------+-------------------------------------------
     0 | D:1      | hawla the Deep Elf Necromancer began the quest for the Orb.
     0 | D:1      | Reached XP level 1. HP: 10/10 MP: 6/6
    33 | D:1      | Reached skill level 5 in Necromancy
   558 | D:1      | Reached XP level 2. HP: 8/15 MP: 5/8
  1047 | D:1      | Found a faded altar of an unknown god.
  1053 | D:1      | Found Bics's Assorted Antiques.
  1069 | D:1      | Found Coedi's Book Shoppe.
  1300 | D:1      | Reached XP level 3. HP: 18/19 MP: 8/10
  1304 | D:1      | Learned a level 3 spell: Vampiric Draining
  1741 | D:1      | Found Mitzo's General Store.
  1819 | D:1      | Found Nuimm's Assorted Antiques.
  2628 | D:2      | Reached XP level 4. HP: 15/24 MP: 6/12
  2929 | D:2      | Noticed Terence
  3288 | D:2      | Killed Terence
  3289 | D:2      | Reached skill level 5 in Spellcasting
  3711 | D:3      | Learned a level 4 spell: Animate Dead
  3717 | D:3      | Noticed an ogre
  3731 | D:3      | Killed an ogre
  3732 | D:3      | Reached XP level 5. HP: 28/28 MP: 8/15
  4015 | D:3      | Reached XP level 6. HP: 30/32 MP: 4/17
  5655 | D:4      | Reached skill level 1 in Evocations
  5662 | D:4      | Learned a level 5 spell: Agony
  6465 | D:4      | Reached skill level 1 in Fighting
  6774 | D:4      | Reached XP level 7. HP: 38/38 MP: 17/19
  7078 | D:5      | Entered Level 5 of the Dungeon
  7094 | D:5      | Noticed Edmund
  7105 | D:5      | Killed Edmund
  7354 | D:5      | Noticed Blork the orc
  7362 | D:5      | Killed Blork the orc
  7501 | D:5      | Noticed Grinder
  8159 | D:1      | Bought a book of Touch for 286 gold pieces
  8164 | D:1      | Learned a level 4 spell: Dispel Undead
  8407 | D:5      | Reached skill level 1 in Short Blades
  8407 | D:5      | Reached skill level 1 in Long Blades
  8530 | D:5      | Paralysed by Grinder for 4 turns
  8541 | D:5      | Paralysed by Grinder for 4 turns
  8555 | D:5      | Slain by Grinder

Illustrated notes

Levels and vault maps discovered:
D:1:      dpeg_arrival_leaves_temple_mockup, layout_basic, serial_shops, shop,
          nicolae_shop_behind_doors, nicolae_shop_window_shopping, shop,
          chequers_ecumenical_altar_island
D:2:      layout_rooms, chequers_serial_rivers_micro_d, st_stairs_13,
          fountainhead, minmay_increasing_density, uniq_terence
D:3:      layout_loops_ring, kennysheep_big_empty_room, nrook_mini_backslash
D:4:      kennysheep_slugbush, layout_gridville, minmay_misc_feat_room,
          cheibrodos_gnoll_hut
D:5:      layout_loops_corners, old_standard_altar,
          mainiacjoe_overflow_alcove_2, uniq_edmund, uniq_blork_the_orc,
          uniq_grinder

Skill      XL: |  1  2  3  4  5  6  7 |
---------------+----------------------+-----
Necromancy     | 5 6 8 |  8.0
Spellcasting   | 4 5 6 7 8 |  8.0
Stealth        | 3 4 |  4.0
Dodging        | 3 |  3.1
Evocations     | 1 |  1.0
Fighting       | 1 |  1.0
Short Blades   | 1 |  1.1
Long Blades    | 1 |  1.0
Throwing       | |  0.5

Action                   |  1- 3 |  4- 6 |  7- 9 || total
-------------------------+-------+-------+-------++-------
Melee: Unarmed           |     2 |       |       ||     2
       Dagger            |     3 |   106 |    42 ||   151
Throw: Dart              |       |     3 |     2 ||     5
 Cast: Pain              |    73 |    60 |     7 ||   140
       Vampiric Draining |     2 |    19 |    10 ||    31
       Animate Dead      |       |     8 |     1 ||     9
       Agony             |       |     1 |     2 ||     3
  Use: Scroll            |       |     7 |     7 ||    14
       Potion            |       |     4 |     6 ||    10
 Stab: Sleeping          |     1 |    13 |     1 ||    15
Armor: Robe              |     4 |    18 |    17 ||    39
Dodge: Dodged            |    26 |    90 |    50 ||   166
